 Dungeon Crawl Stone Soup version 0.20-a0-618-gbb8d3ca (webtiles) character file.

3746 Vichan the Thaumaturge (level 10, -18/56 HPs)
             Began as a Gargoyle Earth Elementalist on Feb 9, 2017.
             Was a Believer of Vehumet.
             Demolished by a two-headed ogre
             ... wielding a +0 giant spiked club
              (31 damage)
             ... on level 8 of the Dungeon.
             The game lasted 00:25:43 (12433 turns).

Vichan the Thaumaturge (GrEE)                      Turns: 12433, Time: 00:25:44

Health: -18/56     AC: 13    Str: 11    XL:     10   Next: 15%
Magic:  10/22      EV: 14    Int: 20    God:    Vehumet [**....]
Gold:   352        SH:  0    Dex: 10    Spells: 17/26 levels left

rFire    . . .     SeeInvis +   x - +4 falchion (flame)
rCold    . . .     Gourm    .   c - +0 robe
rNeg     + . .     Faith    .   (no shield)
rPois    ∞         Spirit   .   (no helmet)
rElec    +         Reflect  .   q - +1 cloak {+Inv}
rCorr    .         Harm     .   f - +1 pair of gloves
MR       .....                  (no boots)
Stlth    ++........             (no amulet)
Regen    0.2/turn               A - +2 ring of evasion
                                r - ring of see invisible

@: no status effects
A: negative energy resistance 1, electricity resistance, unbreathing,
petrification resistance, rot immunity, AC +7
a: Renounce Religion, Evoke Invisibility


You were on level 8 of the Dungeon.
You worshipped Vehumet.
Vehumet was pleased with you.
You were not hungry.

You visited 2 branches of the dungeon, and saw 9 of its levels.

You collected 364 gold pieces.
You spent 12 gold pieces at shops.

Inventory:

Hand Weapons
 j - a +0 spear
 k - a +4 quarterstaff of chaos
 o - a +0 flail of holy wrath
 p - a +1 whip of draining
 t - a +0 rapier
 w - a +0 whip of freezing
 x - a +4 falchion of flaming (weapon)
Missiles
 b - 119 stones (quivered)
Armour
 a - a +1 leather armour of cold resistance
 c - a +0 robe (worn)
 f - a +1 pair of gloves (worn)
 q - a +1 cloak of invisibility (worn)
Jewellery
 r - a ring of see invisible (left hand)
 A - a +2 ring of evasion (right hand)
Wands
 v - a wand of paralysis (6/24)
 D - a wand of confusion (22/48)
Scrolls
 y - 2 scrolls of remove curse
 z - 4 scrolls of identify
 B - a scroll of fear
 C - 2 scrolls of teleportation
Potions
 g - 3 potions of resistance
 h - a potion of flight
 l - 2 potions of brilliance
 m - 2 potions of cure mutation
 n - a potion of lignification
 s - a potion of curing
Books
 e - a book of Geomancy

   Spells                             Type                      Level
   a - Sandblast                      Earth                        1
   b - Passwall                       Transmutation/Earth          2
   c - Stone Arrow                    Conjuration/Earth            3
   d - Petrify                        Transmutation/Earth          4
   e - Lee's Rapid Deconstruction     Earth                        5
Comestibles
 d - 12 bread rations
 i - 3 royal jellies
 u - 3 meat rations


   Skills:
 + Level 3.2 Fighting
 + Level 2.6 Long Blades
 + Level 2.9 Armour
 + Level 3.0 Dodging
 - Level 2.1 Stealth
 * Level 8.7 Spellcasting
 + Level 6.5 Conjurations
   Level 0.7 Transmutations
 + Level 8.5 Earth Magic


You had 17 spell levels left.
You knew the following spells:

 Your Spells              Type           Power        Failure   Level  Hunger
a - Sandblast             Erth           #####.       1%          1    None
b - Stone Arrow           Conj/Erth      #####.       1%          3    None
c - Lee's Rapid Deconstr  Erth           #####.....   10%         5    #####..


Dungeon Overview and Level Annotations

Branches:
Dungeon (8/15)             Temple (1/1) D:4
   Lair: D:8-11

Altars:
Ashenzari
Dithmenos
Elyvilon
Fedhas
Gozag
Hepliaklqana
Kikubaaqudgha
Makhleb
Nemelex Xobeh
Qazlal
Ru
Trog
Uskayaw
Vehumet
Xom
Yredelemnul
Zin
The Shining One

Shops:
D:4 !

Annotations:
D:3 GordonOverkill's ghost, amateur MiCj


Innate Abilities, Weirdness & Mutations

You are resistant to torment.
Your stone body is resilient. (AC +7)
You are immune to poison.
You resist negative energy. (rN+)
You are resistant to electric shocks. (rElec)
You can survive without breathing.
You are immune to petrification.
You are immune to rotting.


Message History

The two-headed ogre is heavily wounded.
Casting: Stone Arrow
Confirm with . or Enter, or press ? or * to list all spells.
Aiming: Stone Arrow
Press: ? - help, Shift-Dir - straight line, f/p - two-headed ogre
Aim: a two-headed ogre, wielding a giant spiked club and a giant club (heavily wounded)
The stone arrow hits the two-headed ogre.
The two-headed ogre is severely wounded.
The two-headed ogre hits you but does no damage.
The two-headed ogre barely misses you.
Casting: Stone Arrow
Confirm with . or Enter, or press ? or * to list all spells.
Aiming: Stone Arrow
Press: ? - help, Shift-Dir - straight line, f/p - two-headed ogre
Aim: a two-headed ogre, wielding a giant spiked club and a giant club (severely wounded)
The stone arrow hits the two-headed ogre.
The two-headed ogre is almost dead.
The two-headed ogre hits you with a giant spiked club!!
Ouch! That really hurt!
You die...

******** *,* *,*********#.#
*,,,,,,*******,* ##.##
*,******,*_*,*,****#####...#####
*,* **#,***,,,,..............
*,* #.#*,,,###.####...#.##. *,*
***##.#.,*,.##.#####.##.##. *,*
*,,,....###.......#...#.##. *,*
*,****#..#.O#.......#...... *,*
*,* *#..@##.#...#...#.### *,*
*,* ##.#...#...##.##.# *,* *,*
#...#...#....##.# **,* *,*
###...#...#####.# ,,,****,*
###....## *,** **,,,,,,*****
#....# *,,*
*,*,,,,,,,.#######>...## **,**
*,*,******.............# *,,,
*,*,* *########.....# *,**


You could see a two-headed ogre.

Vanquished Creatures
  Pikel (D:6)
  A hippogriff (D:4)
  Sigmund (D:6)
  Edmund (D:4)
  Menkaure (D:6)
  A water moccasin (D:6)
  Duvessa (D:5)
  A hornet zombie (D:7)
  An orc warrior (D:6)
  Purgy (D:4)
  2 ogres
  A slave (D:6)
  2 ice beasts (D:6)
  A sky beast (D:6)
  4 centaurs
  2 bullfrogs
  Dowan (D:5)
  A scorpion (D:4)
  4 killer bees (D:7)
  2 howler monkeys
  2 crimson imps
  4 orc priests
  Crazy Yiuf (D:5)
  3 hounds
  2 bullfrog skeletons
  A centaur skeleton (D:6)
  6 orc wizards
  An iguana (D:4)
  A worker ant (D:5)
  2 killer bee zombies (D:7)
  A hound skeleton (D:4)
  4 gnolls
  12 adders
  4 shadow imps
  2 adder skeletons
  3 worms
  2 dart slugs
  8 leopard geckos
  32 orcs
  3 ball pythons
  2 giant cockroaches
  4 goblins
  7 hobgoblins
  11 jackals
  4 quokkas
  6 bats
  6 frilled lizards
  A jackal skeleton (D:6)
  6 kobolds
  6 rats
177 creatures vanquished.

Vanquished Creatures (others)
  2 slaves (D:6)
  2 orc wizards (D:6)
  2 gnolls (D:6)
  2 orcs (D:6)
8 creatures vanquished.

Grand Total: 185 creatures vanquished

Notes
Turn   | Place    | Note
-------+----------+-------------------------------------------
     0 | D:1      | Vichan the Gargoyle Earth Elementalist began the quest for the Orb.
     0 | D:1      | Reached XP level 1. HP: 10/10 MP: 3/3
   407 | D:1      | Reached XP level 2. HP: 15/15 MP: 0/5
  1168 | D:1      | Reached XP level 3. HP: 19/19 MP: 7/7
  1173 | D:1      | Learned a level 3 spell: Stone Arrow
  2593 | D:2      | Reached XP level 4. HP: 13/24 MP: 6/8
  2594 | D:2      | Reached skill level 1 in Conjurations
  3390 | D:2      | Reached XP level 5. HP: 22/28 MP: 10/10
  3402 | D:2      | Learned a level 5 spell: Lee's Rapid Deconstruction
  3490 | D:2      | Found a sacrificial altar of Ru.
  4016 | D:3      | Found a faded altar of an unknown god.
  4852 | D:3      | Noticed GordonOverkill's ghost (amateur MiCj)
  4907 | D:4      | Noticed Edmund
  4926 | D:4      | Killed Edmund
  4926 | D:4      | Reached skill level 5 in Earth Magic
  4926 | D:4      | Reached XP level 6. HP: 32/32 MP: 8/13
  5321 | D:4      | Found a staircase to the Ecumenical Temple.
  5331 | Temple   | Entered the Ecumenical Temple
  5429 | Temple   | Became a worshipper of Vehumet
  6173 | D:4      | Noticed a hippogriff
  6186 | D:4      | Reached skill level 5 in Spellcasting
  6193 | D:4      | Killed a hippogriff
  6193 | D:4      | Reached XP level 7. HP: 6/36 MP: 0/15
  6461 | D:4      | Noticed Purgy
  6468 | D:4      | Killed Purgy
  6977 | D:4      | Found Orchoum's Distillery.
  6985 | D:4      | Bought a potion of degeneration for 12 gold pieces
  7446 | D:5      | Entered Level 5 of the Dungeon
  7492 | D:5      | Found a runed door.
  7496 | D:5      | Noticed Crazy Yiuf
  7498 | D:5      | Killed Crazy Yiuf
  7498 | D:5      | Reached XP level 8. HP: 41/41 MP: 10/17
  7589 | D:5      | Reached * piety under Vehumet
  7589 | D:5      | Offered knowledge of Freeze by Vehumet.
  8435 | D:5      | Noticed Duvessa
  8435 | D:5      | Noticed Dowan
  8438 | D:5      | Killed Duvessa
  8444 | D:5      | Killed Dowan
  9189 | D:6      | Noticed Pikel
  9196 | D:6      | Paralysed by Pikel for 7 turns
  9206 | D:6      | Paralysed by Pikel for 6 turns
  9212 | D:6      | Killed Pikel
  9212 | D:6      | Reached skill level 5 in Conjurations
  9212 | D:6      | Reached XP level 9. HP: 25/45 MP: 4/20
  9528 | D:6      | Noticed Menkaure
  9535 | D:6      | Killed Menkaure
  9815 | D:6      | Reached skill level 1 in Long Blades
  9815 | D:6      | Reached skill level 1 in Armour
  9916 | D:6      | Noticed Sigmund
  9919 | D:6      | Killed Sigmund
  9919 | D:6      | Reached skill level 1 in Fighting
  9922 | D:6      | Reached ** piety under Vehumet
  9922 | D:6      | Offered knowledge of Flame Tongue by Vehumet.
 11817 | D:7      | Reached XP level 10. HP: 50/55 MP: 22/22
 11935 | D:7      | Offered knowledge of Conjure Flame by Vehumet.
 12429 | D:8      | Noticed a two-headed ogre
 12433 | D:8      | Demolished by a two-headed ogre

Vault maps used:
D:1:      dpeg_arrival_rooms_a
D:2:      st_stairs_1, nicolae_ru_great_annihilating_truth
D:3:      chequers_ecumenical_altar_grove
D:4:      temple_statues, first_bread, serial_shops, shop_fountains, uniq_purgy,
          uniq_edmund
D:5:      uniq_duvessa, uniq_crazy_yiuf_cottage
D:6:      minmay_opposing_rooms, uniq_menkaure, uniq_sigmund, uniq_pikel
D:7:      grunt_ogre_cave, minmay_door_square
D:8:      kennysheep_steamy, makhleb_altar_promises_db
Temple:   kilobyte_greek_temple

Skill      XL: |  1  2  3  4  5  6  7  8  9 10 |
---------------+-------------------------------+-----
Earth Magic    | 4 5 6 7 8 |  8.5
Spellcasting   | 3 4 5 6 7 8 |  8.7
Conjurations   | 1 2 3 4 5 6 |  6.5
Long Blades    | 2 |  2.6
Armour         | 2 |  2.9
Fighting       | 2 3 |  3.2
Dodging        | 2 3 |  3.0
Stealth        | |  2.1
Transmutations | |  0.7

Action                   |  1- 3 |  4- 6 |  7- 9 | 10-12 || total
-------------------------+-------+-------+-------+-------++-------
Melee: Spear             |   106 |   223 |    57 |       ||   386
       Flail             |       |       |    19 |       ||    19
       Quarterstaff      |       |       |    62 |       ||    62
       Falchion          |       |       |   105 |    51 ||   156
 Cast: Sandblast         |    27 |    38 |    13 |       ||    78
       Stone Arrow       |       |     8 |    44 |    11 ||    63
       Lee's Rapid Decon |       |       |     9 |       ||     9
Evoke: Wand              |       |       |     1 |       ||     1
  Use: Scroll            |     6 |     3 |    10 |     1 ||    20
       Potion            |       |     3 |     1 |       ||     4
 Stab: Distracted        |     2 |       |     1 |     1 ||     4
       Sleeping          |     2 |     5 |     3 |       ||    10
       Paralysed         |       |     1 |       |       ||     1
  Eat: Chunk             |     5 |    12 |    15 |     2 ||    34
       Royal jelly       |       |       |     3 |       ||     3
Armor: Robe              |    31 |    88 |   134 |    31 ||   284
       Skin              |       |     4 |       |       ||     4
Dodge: Dodged            |    68 |   149 |   207 |    67 ||   491
       Rpst.: Falchion   |       |       |    38 |    20 ||    58
